AoeStats
← XWeda

Pilgrims

507076919Analyzed
4v4 RM · 17d ago on Sep 16, 2026· 85m 34s· 8 players
Game mode
Random Map
Map size
Large (8 player)
Population
200
Speed
Normal
Resources
Standard
Victory
Conquest
Starting age
Dark Age
Ending age
Imperial Age
RankedLock teamsTeams togetherTeam positionsShared explorationLock speedFull tech treeHidden civsTurbo modeCheats
Victory
Defeat
🇸🇪 Burgundians · Sweden
1322
+19
🇸🇪 Armenians · Sweden
1222
+14
🇸🇪 Vikings · Sweden
1109
+19
🇸🇪 Khmer · Sweden
980
+25
🇻🇳 Cumans · Vietnam
1258
-20
🇷🇺 Spanish · Russia
1221
-19
🇷🇺 Vikings · Russia
1130
-15
🇹🇼 Armenians · Taiwan
1107
-14
Puzotron
14:38 Feudal Age
22:56 Castle Age
27:26 Scale Mail Armor
28:49 Forging
30:57 Chain Mail Armor
31:06 Loom
41:46 Iron Casting
49:34 Imperial Age
51:56 Plate Mail Armor
52:27 Blast Furnace
55:31 Chieftains
60:44 Squires
60:31 Arson
61:42 Elite Berserk
68:13 Gambesons
71:53 Stone Mining
71:58 Town Watch
73:12 Ballistics
72:59 Siege Engineers
72:54 Murder Holes
73:48 Fletching
77:22 Masonry
越南王力宏
7:54 Loom
10:45 Feudal Age
11:52 Double-Bit Axe
13:06 Town Watch
26:39 Castle Age
27:42 Capped Ram
29:49 Horse Collar
30:50 Bow Saw
32:18 Wheelbarrow
31:50 Town Patrol
32:27 Wheelbarrow
34:16 Hand Cart
33:53 Gold Mining
34:05 Heavy Plow
44:49 Imperial Age
44:17 Pikeman
45:49 Gold Shaft Mining
45:04 Stone Mining
45:07 Onager
45:13 Siege Ram
46:55 Crop Rotation
47:28 Coinage
52:46 Banking
54:16 Two-Man Saw
56:28 Ballistics
57:38 Conscription
57:21 Steppe Husbandry
58:41 Scale Barding Armor
58:47 Forging
60:15 Chain Barding Armor
60:26 Bloodlines
59:39 Cavalier
61:48 Iron Casting
61:50 Plate Barding Armor
64:05 Light Cavalry
69:03 Blast Furnace
67:27 Hussar
72:06 Halberdier
74:55 Scale Mail Armor
75:00 Squires
74:45 Arson
tony10246
5:34 Loom
11:37 Feudal Age
11:38 Man-at-Arms
12:29 Long Swordsman
16:14 Fishing Lines
20:39 Scale Mail Armor
20:49 Forging
20:42 Scale Mail Armor
23:04 Wheelbarrow
24:31 Castle Age
22:30 Double-Bit Axe
22:46 Town Watch
25:51 Arson
25:55 Two-Handed Swordsman
26:42 Squires
26:27 Gambesons
27:23 Bow Saw
27:03 Gold Mining
28:02 Town Patrol
29:33 Chain Mail Armor
29:54 Iron Casting
31:46 Gillnets
34:25 Hand Cart
37:43 Champion
47:40 Gold Shaft Mining
60:36 Imperial Age
58:34 Pikeman
61:41 Conscription
60:55 Halberdier
63:59 Stone Mining
WAnds | danila90r
8:54 Loom
12:12 Feudal Age
19:23 Castle Age
19:03 Fletching
19:48 Fishing Lines
21:25 Town Watch
22:55 Double-Bit Axe
23:17 Padded Archer Armor
25:23 Bow Saw
27:03 Husbandry
30:53 Wheelbarrow
33:43 Horse Collar
35:39 Bloodlines
38:04 Leather Archer Armor
38:37 Hand Cart
42:14 Imperial Age
41:07 Heavy Plow
42:29 Scale Barding Armor
42:35 Forging
42:26 Cavalier
43:48 Conscription
44:23 Coinage
44:58 Chain Barding Armor
45:12 Ring Archer Armor
46:15 Plate Barding Armor
47:47 Iron Casting
47:35 Elite Conquistador
48:26 Gold Mining
50:13 Paladin
52:20 Two-Man Saw
52:22 Banking
51:52 Caravan
53:40 Blast Furnace
57:44 Light Cavalry
59:01 Hussar
75:32 Chemistry
74:52 Ballistics
XWeda
4:52 Loom
14:04 Feudal Age
15:10 Horse Collar
16:13 Wheelbarrow
16:53 Man-at-Arms
23:05 Castle Age
21:32 Arson
23:54 Forging
23:50 Scale Barding Armor
23:20 Long Swordsman
25:19 Iron Casting
26:28 Bloodlines
26:19 Husbandry
27:14 Light Cavalry
30:25 Hand Cart
31:35 Chain Barding Armor
32:03 Heavy Plow
31:52 Double-Bit Axe
49:29 Imperial Age
52:01 Cavalier
53:43 Crop Rotation
53:24 Bow Saw
54:33 Caravan
64:52 Elite Battle Elephant
75:46 Conscription
75:28 Tusk Swords
75:33 Double Crossbow
75:56 Elite Ballista Elephant
83:15 Coinage
85:34 Plate Barding Armor
86:00 Blast Furnace
85:12 Scale Mail Armor
wmoloo
4:41 Loom
8:58 Feudal Age
9:23 Man-at-Arms
10:20 Arson
11:27 Long Swordsman
13:49 Scale Mail Armor
15:16 Forging
25:30 Castle Age
23:49 Double-Bit Axe
23:48 Horse Collar
25:57 Two-Handed Swordsman
27:38 Chain Mail Armor
27:20 Town Watch
28:13 Wheelbarrow
28:53 Bow Saw
29:47 Iron Casting
29:45 Squires
31:40 Champion
32:46 Gambesons
36:20 Sanctity
41:56 Hand Cart
43:42 Fletching
46:50 Fishing Lines
49:02 Heavy Plow
51:56 Pikeman
53:03 Halberdier
56:52 Imperial Age
57:38 Gold Mining
60:18 Gillnets
61:43 Coinage
62:15 Plate Mail Armor
62:47 Blast Furnace
63:15 Banking
69:55 Conscription
73:40 Gold Shaft Mining
72:55 Stone Mining
73:23 Fereters
76:54 Bodkin Arrow
76:59 Padded Archer Armor
76:23 Elite Composite Bowman
76:41 Capped Ram
78:21 Bracer
78:46 Redemption
80:13 Chemistry
79:34 Ballistics
79:25 Masonry
78:55 Siege Ram
Wavedash
12:21 Feudal Age
11:34 Loom
12:56 Double-Bit Axe
17:38 Castle Age
18:17 Crossbowman
18:50 Town Watch
21:47 Bow Saw
23:57 Fletching
24:07 Padded Archer Armor
25:05 Town Patrol
27:18 Bodkin Arrow
27:38 Leather Archer Armor
28:35 Ballistics
29:14 Fishing Lines
29:49 Gillnets
30:11 Loom
32:17 Medium Warships
39:13 Imperial Age
37:55 Gambesons
38:10 Squires
37:30 Pikeman
37:30 Man-at-Arms
37:55 Arson
37:58 Treadmill Crane
40:33 Gold Mining
40:33 Stone Mining
40:11 Arbalester
41:33 Bracer
42:03 Ring Archer Armor
42:17 Heavy Warships
42:26 Conscription
45:22 Bogsveigar
52:32 Forging
52:22 Scale Mail Armor
52:06 Elite Berserk
54:01 Chemistry
66:57 Elite Longship
71:21 Elite Cannon Galleon
74:49 Caravan
Griphusinvictus
6:15 Double-Bit Axe
9:17 Loom
12:59 Feudal Age
13:40 Fishing Lines
14:24 Gillnets
16:12 Wheelbarrow
15:27 Man-at-Arms
28:50 Castle Age
28:11 Bow Saw
35:29 Fletching
37:28 Hand Cart
37:54 Town Watch
38:16 Scale Barding Armor
40:31 Medium Warships
43:39 Imperial Age
44:33 Chain Barding Armor
44:33 Capped Ram
46:13 Plate Barding Armor
46:16 Forging
47:09 Conscription
48:26 Bodkin Arrow
48:46 Husbandry
49:26 Hoardings
49:01 Pikeman
49:41 Squires
49:45 Scale Mail Armor
50:21 Iron Casting
51:20 Chain Mail Armor
50:51 Halberdier
51:27 Arson
53:49 Elite Coustillier
55:04 Elite Coustillier
58:33 Blast Furnace
66:29 Plate Mail Armor
75:09 Light Cavalry
76:37 Burgundian Vineyards
76:18 Hussar
77:24 Gold Mining
77:25 Stone Mining
78:05 Padded Archer Armor
79:14 Caravan
81:32 Stone Shaft Mining
81:33 Gold Shaft Mining
85:30 Flemish Revolution
Connection lost

Rejoining the realm…

Still unreachable

The connection could not be restored.

Session expired

The server has moved on; the page needs a fresh start.